 Dungeon Crawl Stone Soup version 0.19-a0-1238-gee6bd96 (webtiles) character file.

18439 inmateoo the Martial Artist (level 12, -2/105 HPs)
             Began as a Demonspawn Transmuter on Aug 26, 2016.
             Was an Elder of Cheibriados.
             Killed from afar by a fire giant (19 damage)
             ... with a fireball
             ... on level 11 of the Dungeon.
             The game lasted 00:24:53 (16954 turns).

inmateoo the Martial Artist (DsTm)                 Turns: 16954, Time: 00:24:53

Health: -2/105     AC:  8    Str: 26    XL:     12   Next: 27%
Magic:  19/19      EV: 20    Int: 23    God:    Cheibriados [****..]
Gold:   799        SH:  0    Dex: 29    Spells: 6 memorised, 5 levels left

rFire  + . .     SeeInvis .       - Unarmed
rCold  + + +     Gourm    .     M - +1 animal skin {rC+}
rNeg   . . .     Faith    .     (no shield)
rPois  +         Spirit   .     (no helmet)
rElec  +         Dismiss  .     u - +0 cloak
rCorr  +         Reflect  .     (gloves unavailable)
MR     +....     Harm     .     N - +1 pair of boots
Stlth  ++........               (no amulet)
                                s - +2 ring of dexterity
                                q - ring of protection from cold

@: mighty, resistant, very slow
A: claws 3, hooves 1, rugged brown scales 2, low mp 1, magic resistance 1,
powered by pain 2, robust 1
a: Bend Time, Temporal Distortion, Slouch, Renounce Religion


You were on level 11 of the Dungeon.
You worshipped Cheibriados.
Cheibriados was greatly pleased with you.
You were not hungry.

You visited 2 branches of the dungeon, and saw 12 of its levels.
You also visited: Ice Cave.

You collected 799 gold pieces.

Inventory:

Hand Weapons
 l - a +2 great sword of flaming
Missiles
 a - 83 arrows
Armour
 u - a +0 cloak (worn)
 y - a steam dragon hide
 D - a troll hide
 M - a +1 animal skin of cold resistance (worn)
 N - a +1 pair of boots (worn)
Rods
 R - a +4 iron rod (12/12)
   (You found it in an ice cave)
Jewellery
 o - an uncursed ring of protection from cold
 q - a ring of protection from cold (left claw)
 r - an uncursed ring of stealth
 s - a +2 ring of dexterity (right claw)
 x - an uncursed ring of wizardry
 J - an uncursed ring of resist corrosion
 T - an uncursed ring of ice
Wands
 j - a wand of iceblast (1/15)
 C - a wand of teleportation (2/9)
 F - a wand of acid (0/15)
 K - a wand of enslavement (4/24)
 S - a wand of flame (35/48)
Scrolls
 h - a scroll of noise
 k - 3 scrolls of teleportation
 n - 2 scrolls of recharging
 p - 2 scrolls of magic mapping
 t - 2 scrolls of remove curse
 v - a scroll of amnesia
 w - a scroll of fear
 G - 2 scrolls of blinking
 V - a scroll of enchant armour
Potions
 e - 2 potions of curing
 i - 3 potions of lignification {unknown}
 m - a potion of agility
 z - 2 potions of brilliance
 I - a potion of ambrosia {unknown}
 P - a potion of beneficial mutation {unknown}
 Q - a potion of cure mutation {unknown}
 U - a potion of cancellation {unknown}
Books
 b - a Fen Folio

   Spells                             Type                      Level
   a - Corpse Rot                     Necromancy                   2
   b - Stone Arrow                    Conjuration/Earth            3
   c - Leda's Liquefaction            Hexes/Earth                  4
   d - Summon Forest                  Summoning/Translocation      5
   e - Hydra Form                     Transmutation                6
   f - Summon Hydra                   Summoning                    7
 c - a book of Changes

   Spells                             Type                      Level
   a - Beastly Appendage              Transmutation                1
   b - Sticks to Snakes               Transmutation                2
   c - Spider Form                    Transmutation/Poison         3
   d - Ice Form                       Ice/Transmutation            4
   e - Blade Hands                    Transmutation                5
 f - a book of Maledictions

   Spells                             Type                      Level
   a - Corona                         Hexes                        1
   b - Ensorcelled Hibernation        Hexes/Ice                    2
   c - Confuse                        Hexes                        3
   d - Tukima's Dance                 Hexes                        3
   e - Dazzling Spray                 Conjuration/Hexes            3
 E - a book of Enchantments

   Spells                             Type                      Level
   a - Cause Fear                     Hexes                        4
   b - Yara's Violent Unravelling     Hexes/Transmutation          5
   c - Silence                        Hexes/Air                    5
   d - Deflect Missiles               Charms/Air                   6
   e - Haste                          Charms                       6
   f - Discord                        Hexes                        8
 L - a book of Flames

   Spells                             Type                      Level
   a - Flame Tongue                   Conjuration/Fire             1
   b - Throw Flame                    Conjuration/Fire             2
   c - Conjure Flame                  Conjuration/Fire             3
   d - Inner Flame                    Hexes/Fire                   3
   e - Sticky Flame                   Conjuration/Fire             4
   f - Fireball                       Conjuration/Fire             5
 O - a book of Burglary

   Spells                             Type                      Level
   a - Swiftness                      Charms/Air                   2
   b - Passwall                       Transmutation/Earth          2
   c - Passage of Golubria            Translocation                4
   d - Lee's Rapid Deconstruction     Earth                        5
   e - Darkness                       Hexes                        6
   f - Invisibility                   Hexes                        6
 W - a book of Debilitation

   Spells                             Type                      Level
   a - Corona                         Hexes                        1
   b - Slow                           Hexes                        2
   c - Gell's Gravitas                Hexes/Translocation          3
   d - Inner Flame                    Hexes/Fire                   3
   e - Cause Fear                     Hexes                        4
   f - Leda's Liquefaction            Hexes/Earth                  4
 X - the Volume of Lucky Glamour
   (You found it on level 11 of the Dungeon)

   Spells                             Type                      Level
   a - Confusing Touch                Hexes                        1
   b - Leda's Liquefaction            Hexes/Earth                  4
   c - Excruciating Wounds            Charms/Necromancy            5
   d - Yara's Violent Unravelling     Hexes/Transmutation          5
   e - Silence                        Hexes/Air                    5
Miscellaneous
 Y - a fan of gales
 Z - a box of beasts
Comestibles
 d - 7 bread rations
 g - 3 meat rations
 A - 6 slices of pizza
 B - 15 fruits


   Skills:
 + Level 8.1 Fighting
 + Level 7.3 Dodging
 * Level 11.0 Unarmed Combat
 - Level 6.5 Spellcasting
 + Level 2.3 Translocations
 + Level 7.8 Transmutations
 - Level 3.0 Ice Magic
 + Level 6.3 Invocations


You had 5 spell levels left.
You knew the following spells:

 Your Spells              Type           Power        Failure   Level  Hunger
a - Beastly Appendage     Tmut           #####.       1%          1    None
b - Sticks to Snakes      Tmut           #####...     1%          2    None
c - Spider Form           Tmut/Pois      ####......   6%          3    None
d - Ice Form              Ice/Tmut       ####....     10%         4    ###....
e - Passage of Golubria   Tloc           N/A          38%         4    ###....
f - Blade Hands           Tmut           #####.....   12%         5    #####..


Dungeon Overview and Level Annotations

Branches:
Dungeon (11/15)            Temple (1/1) D:7            Lair (0/6) D:11
    Orc (0/2) D:11

Altars:
Ashenzari
Cheibriados
Dithmenos
Elyvilon
Fedhas
Gozag
Hepliaklqana
Kikubaaqudgha
Makhleb
Nemelex Xobeh
Okawaru
Qazlal
Ru
Sif Muna
Trog
Uskayaw
Vehumet
Xom
Yredelemnul
Zin
The Shining One

Shops:
D:7 (   D:9 %

Annotations:
D:8 Sagrath01's ghost, novice OgHu
D:10 exclusion: 2 doors


Innate Abilities, Weirdness & Mutations

You have claws for hands.
You are mostly covered in rugged brown scales. (AC +2, +5% HP)
You sometimes gain power by taking damage.
You have large cloven feet.
Your magical capacity is low. (-10% MP)
You are resistant to hostile enchantments. (MR+)
You are robust. (+10% HP)


Message History

You claw the fire giant!
The fire giant is heavily wounded.
The fire giant misses you.
A manticore comes into view.
You scratch the fire giant but do no damage.
You claw the fire giant.
The fire giant is heavily wounded.
The gargoyle hits you with a mace.
You scratch the fire giant but do no damage.
You claw the fire giant, but do no damage.
The fire giant is heavily wounded.
The manticore changes into a sea snake!
The fire giant hits you with a great sword of flaming!!
The fire giant burns you. The gargoyle hits you with a mace!!
* * * LOW HITPOINT WARNING * * *
You focus on the pain.
You feel very mighty all of a sudden.
The fire giant points at you and mumbles some strange words.
The fireball explodes!
The fireball engulfs you! You resist.
You die...

#####################
#...@.9..............
#..###C...........#..
#..# #.......###..#..
#..# #.......# #..#..
#..# #.......# #..#..
#..# #.......# #..#..
#..# #S.(....# #..#..
#..# #.......###..#..
#.C# #.......##...#..


You could see a fire giant and a gargoyle.

Vanquished Creatures
  A tengu reaver (D:11)
  A fire giant (D:11)
  A white draconian (IceCv)
  A death yak (IceCv)
  2 hill giants
  An ugly thing (D:11)
  A cyclops (D:11)
  A manticore (D:11)
  An ice statue (IceCv)
  A gargoyle (D:10)
  2 rime drakes (IceCv)
  A yaktaur (shapeshifter) (D:11)
  A troll (D:10)
  7 polar bears (IceCv)
  A vampire (D:11)
  18 yaks
  A wyvern (D:11)
  A steam dragon (D:10)
  2 hell hounds (D:11)
  2 black bears
  9 ice beasts
  3 sky beasts
  A phantom (D:6)
  4 orc warriors
  A wasp (D:11)
  6 ogres
  6 wolves (IceCv)
  A necrophage (D:8)
  2 centaurs
  2 big kobolds (D:10)
  4 giant frogs
  A wyvern skeleton (D:10)
  A scorpion (D:11)
  5 killer bees
  9 wights
  3 howler monkeys
  6 crimson imps
  A giant frog zombie (D:10)
  A quasit (D:11)
  A centaur skeleton (D:8)
  2 hounds
  3 jellies
  11 orc wizards
  7 orc priests
  3 giant frog skeletons
  4 iguanas
  11 worker ants
  2 sheep (D:10)
  2 hound skeletons
  A howler monkey skeleton (D:6)
  3 gnolls (D:2)
  12 adders
  2 shadow imps
  An ooze (D:4)
  3 adder skeletons
  A dart slug (D:3)
  A worm (D:5)
  5 giant geckos
  31 orcs
  2 giant cockroaches
  9 hobgoblins
  10 jackals
  7 quokkas
  2 ball pythons (D:4)
  6 bats
  A giant gecko zombie (D:6)
  10 giant newts
  6 goblins
  8 kobolds
  A quokka skeleton (D:8)
  11 rats
  A plant (D:3)
293 creatures vanquished.

Vanquished Creatures (collateral kills)
  A gnoll (D:2)
  An orc (D:4)
  2 goblins (D:2)
4 creatures vanquished.

Vanquished Creatures (others)
  4 polar bears (IceCv)
  4 yaks (IceCv)
  6 wolves (IceCv)
  A human (D:2)
15 creatures vanquished.

Grand Total: 312 creatures vanquished

Notes
Turn   | Place    | Note
-------+----------+-------------------------------------------
     0 | D:1      | inmateoo the Demonspawn Transmuter began the quest for the Orb.
     0 | D:1      | Reached XP level 1. HP: 15/15 MP: 3/3
   254 | D:1      | Reached skill level 3 in Unarmed Combat
   266 | D:1      | Gained mutation: You sometimes gain a little power by taking damage. [demonic ancestry]
   266 | D:1      | Reached XP level 2. HP: 15/21 MP: 1/5
   797 | D:1      | Learned a level 2 spell: Sticks to Snakes
  1134 | D:2      | Reached XP level 3. HP: 12/26 MP: 1/6
  2044 | D:3      | Found a faded altar of an unknown god.
  2600 | D:3      | Gained mutation: You have sharp fingernails. [demonic ancestry]
  2600 | D:3      | Reached XP level 4. HP: 28/32 MP: 7/7
  3276 | D:2      | Found an ancient bone altar of Kikubaaqudgha.
  3276 | D:2      | Noticed a human
  3281 | D:2      | Killed a human
  3371 | D:2      | Reached skill level 4 in Unarmed Combat
  4005 | D:2      | Gained mutation: You sometimes gain power by taking damage. [demonic ancestry]
  4005 | D:2      | Reached XP level 5. HP: 25/37 MP: 9/9
  4194 | D:2      | Found an iron altar of Okawaru.
  4535 | D:4      | Found a shattered altar of Ashenzari.
  4804 | D:4      | Learned a level 3 spell: Spider Form
  4809 | D:4      | Learned a level 4 spell: Ice Form
  5032 | D:4      | Gained mutation: You have very sharp fingernails. [demonic ancestry]
  5032 | D:4      | Reached XP level 6. HP: 35/43 MP: 8/10
  5361 | D:5      | Entered Level 5 of the Dungeon
  5422 | D:5      | Reached skill level 5 in Unarmed Combat
  5948 | D:5      | Found a white marble altar of Elyvilon.
  6618 | D:4      | Gained mutation: You are partially covered in rugged brown scales. (AC +1, +3% HP) [demonic ancestry]
  6618 | D:4      | Reached XP level 7. HP: 24/51 MP: 9/12
  6809 | D:5      | Found a hide-covered altar of Uskayaw.
  7308 | D:5      | Found a basalt altar of Yredelemnul.
  7510 | D:6      | Found a hazy altar of Hepliaklqana.
  7999 | D:6      | Reached skill level 6 in Unarmed Combat
  8447 | D:6      | Reached XP level 8. HP: 57/59 MP: 14/14
  8575 | D:6      | Noticed a hill giant
  8607 | D:6      | Killed a hill giant
  8958 | D:7      | Found a staircase to the Ecumenical Temple.
  8997 | Temple   | Entered the Ecumenical Temple
  9042 | Temple   | Became a worshipper of Cheibriados the Contemplative
  9296 | D:7      | Reached skill level 1 in Ice Magic
  9299 | D:7      | Reached skill level 7 in Unarmed Combat
  9364 | D:7      | Gained mutation: You are mostly covered in rugged brown scales. (AC +2, +5% HP) [demonic ancestry]
  9364 | D:7      | Reached XP level 9. HP: 68/68 MP: 12/16
  9365 | D:7      | Reached * piety under Cheibriados
  9429 | D:7      | Found an opulent altar of Gozag.
  9498 | D:7      | Reached skill level 5 in Spellcasting
  9498 | D:7      | Reached skill level 5 in Transmutations
  9855 | D:7      | Found Ixtaubra's Weapon Boutique.
 10583 | D:8      | Noticed Sagrath01's ghost (novice OgHu)
 10658 | D:8      | Found a blossoming altar of Fedhas.
 10678 | D:8      | Gained mutation: You are resistant to hostile enchantments. (MR+) [mutagenic meat]
 10681 | D:8      | Gained mutation: You are robust. (+10% HP) [mutagenic meat]
 10690 | D:8      | Gained mutation: Your magical capacity is low. (-10% MP) [mutagenic meat]
 10693 | D:8      | Gained mutation: You have large cloven feet. [mutagenic meat]
 11197 | D:9      | Reached skill level 5 in Fighting
 11630 | D:9      | Found Qiur's Food Shop.
 11728 | D:9      | Reached skill level 8 in Unarmed Combat
 11734 | D:9      | Reached ** piety under Cheibriados
 11981 | D:10     | Entered Level 10 of the Dungeon
 12055 | D:10     | Noticed a gargoyle
 12066 | D:10     | Killed a gargoyle
 12066 | D:10     | Reached XP level 10. HP: 57/85 MP: 12/16
 12801 | D:10     | Reached skill level 5 in Dodging
 12842 | D:10     | Reached *** piety under Cheibriados
 13533 | D:11     | Found a staircase to the Lair.
 13616 | D:11     | Found a frozen archway.
 13627 | D:11     | Reached skill level 9 in Unarmed Combat
 13636 | IceCv    | Entered an ice cave
 14121 | IceCv    | Noticed an ice statue
 14175 | IceCv    | Killed an ice statue
 14175 | IceCv    | Reached skill level 1 in Invocations
 14368 | IceCv    | Learned a level 4 spell: Passage of Golubria
 14374 | IceCv    | Learned a level 5 spell: Blade Hands
 14529 | IceCv    | Reached **** piety under Cheibriados
 14533 | IceCv    | Reached XP level 11. HP: 74/95 MP: 18/18
 14664 | IceCv    | Noticed a death yak
 14674 | IceCv    | Killed a death yak
 15046 | IceCv    | Reached skill level 10 in Unarmed Combat
 15121 | IceCv    | Noticed a white draconian
 15143 | IceCv    | Killed a white draconian
 15717 | D:11     | Noticed a hill giant
 15729 | D:11     | Killed a hill giant
 15729 | D:11     | Reached skill level 5 in Invocations
 15740 | D:11     | Noticed a fire giant
 15904 | D:11     | Noticed a red ugly thing
 15911 | D:11     | Killed a red ugly thing
 15973 | D:11     | Reached skill level 1 in Translocations
 16224 | D:11     | Killed a fire giant
 16224 | D:11     | Gained mutation: You have claws for hands. [demonic ancestry]
 16224 | D:11     | Reached XP level 12. HP: 50/105 MP: 13/19
 16243 | D:11     | Noticed a tengu reaver
 16254 | D:11     | Killed a tengu reaver
 16563 | D:11     | Noticed a great orb of eyes
 16563 | D:11     | a wolf spider changed into a great orb of eyes
 16566 | D:11     | a great orb of eyes changed into a griffon
 16668 | D:11     | Identified the Volume of Lucky Glamour
 16687 | D:11     | Reached skill level 11 in Unarmed Combat
 16708 | D:11     | Found a staircase to the Orcish Mines.
 16715 | D:11     | Noticed a frost giant
 16935 | D:11     | Noticed a fire giant
 16954 | D:11     | Killed from afar by a fire giant

Vault maps used:
D:1:      matt_arrival_los_fun, minmay_shallow_snake_nest
D:2:      kennysheep_okawaru_gauntlet, first_bread, tgw_kikubaaqudgha
D:3:      ecumenical_altar_1, serial_forest, infiniplex_forest_clump_curved,
          infiniplex_forest_end_2, infiniplex_forest_straight_3,
          infiniplex_forest_clump_cross, infiniplex_forest_clump_long,
          infiniplex_forest_clump_small, corner_web_ring, grunt_ministairs_15,
          serial_bayou_pond_a
D:4:      overflow_temple_1_default
D:5:      kennysheep_ying_yang, lemuel_crystal_altar, serial_glass,
          glass_columns_a, glass_columns_a, minmay_misc_feat_rows
D:6:      overflow_temple_1_default
D:7:      grunt_gozag_breadcrumbs, serial_shops, shop_statue
D:8:      fedhas_altar_2
D:9:      serial_shops, shop_coins
D:10:     hangedman_ranch
D:11:     minmay_lair_entry_lava, orc_0_dummy, portal_ice_cave_entry_ice_beasts,
          minmay_the_grid_3x2
Temple:   nicolae_temple_god_jail
IceCv:    ice_cave_caverns_03

Skill      XL: |  1  2  3  4  5  6  7  8  9 10 11 12 |
---------------+-------------------------------------+-----
Unarmed Combat | 3 4 5 6 7 8 9 10 11 | 11.0
Transmutations | 2 3 4 5 6 7 |  7.8
Spellcasting   | 3 4 5 6 |  6.5
Dodging        | 2 3 4 5 7 |  7.3
Fighting       | 2 3 4 5 6 7 8 |  8.1
Ice Magic      | 1 3 |  3.0
Invocations    | 1 5 6 |  6.3
Translocations | 1 2 |  2.3

Action                   |  1- 3 |  4- 6 |  7- 9 | 10-12 || total
-------------------------+-------+-------+-------+-------++-------
Melee: Unarmed           |   181 |   244 |   373 |   369 ||  1167
       Headbutt          |     3 |    17 |     6 |       ||    26
       Kick              |     7 |    23 |    51 |    10 ||    91
       Punch             |     1 |     5 |     7 |     9 ||    22
 Cast: Beastly Appendage |    18 |    22 |    13 |       ||    53
       Sticks to Snakes  |     3 |     5 |     2 |       ||    10
       Spider Form       |       |       |     9 |     4 ||    13
       Ice Form          |       |       |     5 |    17 ||    22
       Blade Hands       |       |       |       |     1 ||     1
Invok: Slouch            |       |       |       |     1 ||     1
 Abil: End Transformatio |       |       |     1 |     3 ||     4
Evoke: Wand              |       |       |     2 |     7 ||     9
  Use: Scroll            |       |     4 |    12 |     9 ||    25
       Potion            |       |       |       |     5 ||     5
 Stab: Sleeping          |     1 |     5 |     3 |     2 ||    11
       Distracted        |       |     3 |       |     1 ||     4
       Invisible         |       |       |       |    16 ||    16
  Eat: Chunk             |     6 |    11 |    18 |     7 ||    42
       Fruit             |       |     3 |       |       ||     3
       Beef jerky        |       |       |     2 |       ||     2
       Pizza             |       |       |       |     2 ||     2
Armor: Robe              |    32 |    39 |    19 |       ||    90
       Skin              |       |       |    12 |    28 ||    40
       Leather armour    |       |       |    24 |    20 ||    44
       Animal skin       |       |       |       |     6 ||     6
Dodge: Dodged            |   120 |   125 |   220 |   301 ||   766
